AoeStats
← Masturbinho_69

Arabia

510067000Analyzed
2v2 RM · 2d ago on Sep 29, 2026· 34m 25s· 4 players
Game mode
Random Map
Map size
Medium (4 player)
Population
200
Speed
Normal
Resources
Standard
Victory
Conquest
Starting age
Dark Age
Ending age
Imperial Age
RankedLock teamsTeams togetherTeam positionsShared explorationLock speedFull tech treeHidden civsTurbo modeCheats
Victory
Defeat
🇮🇹 Varangians · Italy
972
+14
🇮🇹 Saxons · Italy
939
+16
🇩🇪 Bulgarians · Germany
937
-15
🇩🇪 Sicilians · Germany
932
-15
Masturbinho_69
6:46 Loom
7:11 Loom
9:45 Feudal Age
10:14 Double-Bit Axe
13:05 Horse Collar
15:51 Forging
18:08 Scale Barding Armor
23:20 Castle Age
25:24 Pikeman
31:31 Iron Casting
30:57 Scale Mail Armor
33:31 Bow Saw
33:31 Fletching
Miklós Zrínyi VII.
10:49 Feudal Age
12:49 Loom
28:32 Castle Age
GecTM
5:23 Loom
9:26 Feudal Age
10:03 Double-Bit Axe
11:10 Bloodlines
15:51 Forging
18:07 Man-at-Arms
21:03 Scale Mail Armor
22:04 Arson
24:17 Scale Barding Armor
25:28 Gold Mining
27:53 Castle Age
25:51 Horse Collar
26:03 Stone Mining
29:07 Bow Saw
29:53 Husbandry
30:23 Chain Barding Armor
30:38 Iron Casting
Idle Villager
11:33 Feudal Age
12:34 Double-Bit Axe
19:39 Castle Age
17:50 Gold Mining
18:13 Man-at-Arms
19:57 Long Swordsman
24:45 Gambesons
25:02 Squires
28:22 Scale Mail Armor
29:17 Bow Saw
30:26 Arson
31:23 Forging
32:54 Iron Casting
34:50 Wheelbarrow
33:57 Horse Collar
Connection lost

Rejoining the realm…

Still unreachable

The connection could not be restored.

Session expired

The server has moved on; the page needs a fresh start.